 Dungeon Crawl Stone Soup version 0.28.0-53-g5a82cb258f (webtiles) character file.

Game seed: 1143227068048820652

2492 Gurantaxtaxq the Thaumaturge (level 9, -8/45 HPs)
             Began as a Deep Elf Fire Elementalist on Aug 12, 2022.
             Was a Follower of Vehumet.
             Mangled by Duvessa
             ... wielding a +4 short sword of venom
              (20 damage)
             ... on level 7 of the Dungeon.
             The game lasted 01:23:58 (5569 turns).

Gurantaxtaxq the Thaumaturge (DEFE)                 Turns: 5569, Time: 01:23:58

Health: -8/45      AC:  4    Str:  5    XL:     9   Next: 27%
Magic:  13/24      EV: 14    Int: 31    God:    Vehumet [*.....]
Gold:   344        SH:  0    Dex: 15    Spells: 20/26 levels left

rFire   . . .      SeeInvis .   k - +5 short sword
rCold   . . .      Faith    .   (no shield)
rNeg    . . .      Spirit   .   a - +0 robe
rPois   .          Reflect  .   (no helmet)
rElec   .          Harm     .   (no cloak)
rCorr   .          Rampage  .   g - +0 pair of gloves
Will    .....                   z - +0 pair of boots
Stlth   +++.......              (no amulet)
HPRegen 0.15/turn               o - +6 ring of intelligence
MPRegen 0.19/turn               (no ring)

@: lethally poisoned (-8 -> -30)
A: no striking features
a: Renounce Religion


You were on level 7 of the Dungeon.
You worshipped Vehumet.
Vehumet was aware of your devotion.
You visited 2 branches of the dungeon, and saw 8 of its levels.

You collected 344 gold pieces.

Inventory:

Hand Weapons
 k - a +5 short sword (weapon)
 n - a +5 spear
Missiles
 e - 201 stones
Armour
 a - a +0 robe (worn)
 g - a +0 pair of gloves (worn)
 h - a +0 kite shield
 z - a +0 pair of boots (worn)
Jewellery
 c - a ring of ice
 o - a +6 ring of intelligence (left hand)
Wands
 w - a wand of paralysis (10)
 x - a wand of flame (15)
Scrolls
 d - a scroll of teleportation {unknown}
 f - 4 scrolls of fog {unknown}
 l - 3 scrolls of magic mapping {unknown}
 m - 2 scrolls of noise {unknown}
 r - 2 scrolls of enchant armour {unknown}
 s - 2 scrolls of blinking {unknown}
 u - 3 scrolls of identify {unknown}
 v - a scroll of enchant weapon {unknown}
 y - a scroll of immolation {unknown}
Potions
 b - a potion of mutation {unknown}
 i - 2 potions of lignification {unknown}
 j - 3 potions of curing {unknown}
 p - 2 potions of brilliance {unknown}
 q - 2 potions of cancellation {unknown}
 t - a potion of attraction {unknown}


   Skills:
 + Level 5.2 Dodging
 - Level 6.0 Stealth
 + Level 9.0 Spellcasting
 + Level 7.0 Conjurations
 + Level 7.8 Fire Magic


You had 20 spell levels left.
You knew the following spells:

 Your Spells              Type           Power      Damage    Failure   Level
a - Foxfire               Conj/Fire      100%       2x1d9     1%          1
b - Scorch                Fire           100%       2d10      1%          2
c - Conjure Flame         Conj/Fire      56%        6-21      1%          3

Your spell library contained the following spells:

 Spells                   Type           Power      Damage    Failure   Level
 Magic Dart               Conj           100%       1d8       1%          1
 Flame Wave               Conj/Fire      56%        2d11      1%          4
 Inner Flame              Hex/Fire       38%        N/A       2%          3
 Pain                     Necr           52%        1d6       3%          1
 Fireball                 Conj/Fire      28%        3d12      4%          5
 Ensorcelled Hibernation  Hex/Ice        26%        N/A       5%          2
 Passwall                 Tmut/Erth      10%        N/A       5%          2
 Swiftness                Air            13%        N/A       11%         3
 Starburst                Conj/Fire      28%        6d9       26%         6
 Agony                    Necr           13%        N/A       69%         5
 Excruciating Wounds      Necr           6%         N/A       69%         5
 Ignition                 Fire           29%        3d9       100%        8


Dungeon Overview and Level Annotations

Branches:
Dungeon (7/15)             Temple (1/1) D:4

Altars:
Ashenzari
Cheibriados
Dithmenos
Fedhas
Gozag
Hepliaklqana
Makhleb
Ru
Sif Muna
Vehumet
Wu Jian
Xom
Yredelemnul
The Shining One

Shops:
D:1 ?

Annotations:
D:7 Duvessa


Message History

You conjure some foxfire!
The water moccasin hisses angrily.
The foxfire hits the water moccasin.
The water moccasin is lightly wounded.
Casting: Scorch (safe; 1% risk of failure)
Press: ? - help, Q - select action, (/) - cycle Dir - look around, f - activate Flames lash the water moccasin.
The water moccasin is moderately wounded.
The water moccasin's fire resistance burns away.
Casting: Scorch (safe; 1% risk of failure)
Press: ? - help, Q - select action, (/) - cycle Dir - look around, f - activate Flames lash the water moccasin.
The water moccasin is burned terribly!
The water moccasin is severely wounded.
Your foxfire dissipates!
Casting: Scorch (safe; 1% risk of failure)
Press: ? - help, Q - select action, (/) - cycle Dir - look around, f - activate Flames lash the water moccasin.
The water moccasin is burned terribly!
You kill the water moccasin!
Vehumet accepts your kill.
Your Spellcasting skill increases to level 9!
Okay, then.
Duvessa shouts!
Duvessa goes berserk!
Duvessa hits you with a +4 short sword of venom!
You are poisoned.
Casting: Scorch (safe; 1% risk of failure)
Press: ? - help, Q - select action, (/) - cycle Dir - look around, f - activate Flames lash Duvessa but do no damage.
You feel very sick.
Duvessa hits you with a +4 short sword of venom!
You are lethally poisoned!
Casting: Scorch (safe; 1% risk of failure)
Press: ? - help, Q - select action, (/) - cycle Dir - look around, f - activate Flames lash Duvessa.
Duvessa is lightly wounded.
Duvessa's fire resistance burns away.
* * * LOW HITPOINT WARNING * * *
You feel very sick.
Duvessa hits you with a +4 short sword of venom!!
You die...

.......# #..)...#...##.........#
.....#.#######.#######..>......#
###.e#..........# #.........#
..$.............######.........#
####.##e.....(..#...........####
#..#......)..#...........#
##.########†##...........# .c
#)..e............# #.#
#....@...........# ..
#................# #.#
#................#
#................#
#................#
###.##.......÷...#
#.########....### #.# ###..#)..#
... #....#.#.#


You could see Duvessa (berserk, combustible).

Vanquished Creatures
  A wraith (D:6)
  A steam dragon (D:6)
  2 water moccasins
  2 ice beasts
  2 ogres
  2 necrophages
  2 centaurs
  A phantom (D:6)
  Blork the orc (D:6)
  3 bullfrogs
  2 scorpions
  A water moccasin zombie (D:5)
  A wyvern zombie (D:7)
  Dowan (D:7)
  A water moccasin skeleton (D:5)
  5 wights (D:6)
  2 jellies (D:5)
  3 orc priests (D:6)
  A bullfrog skeleton (D:6)
  A centaur skeleton (D:5)
  2 hounds
  An iguana (D:5)
  A hound zombie (D:5)
  A hound skeleton (D:4)
  4 gnolls (D:4)
  3 adders
  A shadow imp (D:5)
  An adder skeleton (D:4)
  4 worms
  13 orcs
  5 ball pythons
  4 endoplasms
  4 giant cockroaches
  4 goblins
  7 hobgoblins
  3 kobolds
  2 quokkas
  5 bats
  4 frilled lizards
  4 rats
108 creatures vanquished.

Vanquished Creatures (others)
  372 foxfires
372 creatures vanquished.

Grand Total: 480 creatures vanquished

Notes
Turn   | Place    | Note
-------+----------+-------------------------------------------
     0 | D:1      | Gurantaxtaxq the Deep Elf Fire Elementalist began the quest
                  | for the Orb.
     0 | D:1      | Reached XP level 1. HP: 10/10 MP: 6/6
   250 | D:1      | Reached XP level 2. HP: 15/15 MP: 4/8
   254 | D:1      | Learned a level 2 spell: Scorch
   280 | D:1      | Found Heeta's Magic Scroll Boutique.
   913 | D:2      | Found a faded altar of an unknown god.
   998 | D:2      | Found an opulent altar of Gozag.
  1142 | D:2      | Reached XP level 3. HP: 19/19 MP: 7/10
  1146 | D:2      | Learned a level 3 spell: Conjure Flame
  1971 | D:3      | Reached skill level 4 in Spellcasting
  2295 | D:3      | Found a snail-covered altar of Cheibriados.
  2514 | D:4      | Reached XP level 4. HP: 24/24 MP: 8/12
  2734 | D:4      | Found a staircase to the Ecumenical Temple.
  2743 | Temple   | Entered the Ecumenical Temple
  2786 | Temple   | Became a worshipper of Vehumet
  2990 | D:4      | Noticed a scorpion
  3011 | D:4      | Reached XP level 5. HP: 25/28 MP: 5/14
  3200 | D:4      | Reached skill level 5 in Spellcasting
  3214 | D:5      | Entered Level 5 of the Dungeon
  3223 | D:5      | Reached XP level 6. HP: 32/32 MP: 10/15
  3256 | D:5      | Noticed an ice beast
  3365 | D:5      | Reached skill level 5 in Fire Magic
  3471 | D:5      | Noticed a water moccasin
  3499 | D:5      | Killed a water moccasin
  3643 | D:5      | Killed an ice beast
  3644 | D:5      | Reached skill level 6 in Spellcasting
  3644 | D:5      | Reached XP level 7. HP: 34/36 MP: 11/18
  3888 | D:6      | Reached * piety under Vehumet
  3888 | D:6      | Offered knowledge of Magic Dart by Vehumet.
  3975 | D:6      | Reached skill level 5 in Stealth
  4030 | D:6      | Reached skill level 5 in Conjurations
  4191 | D:6      | Noticed a wraith
  4199 | D:6      | Killed a wraith
  4200 | D:6      | Reached skill level 7 in Spellcasting
  4200 | D:6      | Reached XP level 8. HP: 41/41 MP: 8/20
  4298 | D:6      | Noticed Blork the orc
  4306 | D:6      | Killed Blork the orc
  4685 | D:6      | Reached skill level 8 in Spellcasting
  5085 | D:6      | Reached XP level 9. HP: 45/45 MP: 16/23
  5400 | D:7      | Reached skill level 5 in Dodging
  5510 | D:7      | Noticed Dowan
  5513 | D:7      | Noticed Duvessa
  5529 | D:7      | Killed Dowan
  5549 | D:7      | Reached skill level 9 in Spellcasting
  5569 | D:7      | Mangled by Duvessa

Illustrated notes

Levels and vault maps discovered:
D:1:      wheals_arrival_shading, layout_basic, serial_shops,
          nicolae_shop_crystal
D:2:      layout_basic, hellmonk_ecumenical_altar_lost_god, basic_altar
D:3:      layout_loops_ring, cheibrodos_worm_habitat, grunt_ministairs_12,
          serial_bayou_pond_c
D:4:      layout_basic, minmay_temple_entry_poolview, serial_curves,
          eino_curves_04, eino_curves_04, eino_curves_04
D:5:      layout_rooms
D:6:      layout_basic, grunt_ministairs_9, chequers_garden, dk_noncrumbling_2,
          uniq_blork_the_orc
D:7:      layout_basic, uniq_duvessa
Temple:   nicolae_temple_the_god_donut

Skill      XL: |  1  2  3  4  5  6  7  8  9 |
---------------+----------------------------+-----
Conjurations   | 2 3 4 5 6 7 |  7.0
Spellcasting   | 4 5 6 7 8 9 |  9.0
Fire Magic     | 4 5 6 7 |  7.8
Stealth        | 3 4 5 6 |  6.0
Dodging        | 4 5 |  5.2

Action                   |  1- 3 |  4- 6 |  7- 9 || total
-------------------------+-------+-------+-------++-------
Melee: Long sword        |     8 |       |       ||     8
       Whip              |     4 |       |     1 ||     5
       Punch             |     1 |       |       ||     1
 Cast: Foxfire           |    65 |    55 |    94 ||   214
       Scorch            |       |     7 |    42 ||    49
       Conjure Flame     |       |       |     4 ||     4
Armor: Robe              |     7 |     3 |       ||    10
Dodge: Dodged            |    17 |    11 |     6 ||    34
